 Dungeon Crawl Stone Soup version 0.23.0 (webtiles) character file.

Game seed: 12339951583489234685

12789 MetaCosm the Grappler (level 11, -2/109 HPs)
             Began as a Troll Monk on Feb 16, 2019.
             Was a High Priest of Okawaru.
             Slain by a cyclops (28 damage)
             ... on level 11 of the Dungeon.
             The game lasted 00:17:21 (9667 turns).

MetaCosm the Grappler (Troll Monk)                  Turns: 9667, Time: 00:17:22

Health: -2/109     AC: 13    Str: 29    XL:     11   Next: 67%
Magic:  15/15      EV: 13    Int:  6    God:    Okawaru [*****.]
Gold:   679        SH:  0    Dex: 12    Spells: 10/10 levels left

rFire    . . .     SeeInvis .     - Unarmed
rCold    . . .     Gourm    +   (no shield)
rNeg     . . .     Faith    .   w - quicksilver dragon scales
rPois    +         Spirit   .   (helmet restricted)
rElec    .         Reflect  .   (no cloak)
rCorr    .         Harm     .   (gloves unavailable)
MR       +....                  (boots unavailable)
Stlth    +.........             (no amulet)
HPRegen  0.68/turn              l - ring of poison resistance {rPois, !d}
MPRegen  0.14/turn              y - +5 ring of strength

@: no status effects
A: large, unfitting armour, claws 3, horns 1, blink, fast metabolism 3,
gourmand, regeneration 1, shaggy fur 1, tough skin 3, sturdy frame 1
a: Blink, Heroism, Finesse, Renounce Religion


You were on level 11 of the Dungeon.
You worshipped Okawaru.
Okawaru was extremely pleased with you.
You were completely stuffed.

You visited 1 branch of the dungeon, and saw 11 of its levels.
You also visited: Ossuary.

You collected 811 gold pieces.
You spent 132 gold pieces at shops.


Innate Abilities, Weirdness & Mutations

You are too large for most types of armour.
You have claws for hands.
Your metabolism is lightning-fast.
You like to eat raw meat.
Your natural rate of healing is unusually fast.
You are covered in fur. (AC +1)
You have extremely tough skin. (AC +3)
You have a pair of small horns on your head.
You can translocate small distances at will.
Your movements are slightly less encumbered by armour. (ER -2)


   Skills:
 + Level 7.5 Fighting
 + Level 1.2 Throwing
 + Level 7.5 Dodging
 - Level 1.0 Stealth
 * Level 12.1 Unarmed Combat
 + Level 7.3 Invocations
 + Level 1.0 Evocations


You had 10 spell levels left.
You didn't know any spells.
Your spell library contained the following spells:

 Spells                   Type           Power        Failure   Level  Hunger
 Animate Skeleton         Necr           N/A          52%         1    ##.....
 Apportation              Tloc           #.....       52%         1    ##.....
 Beastly Appendage        Tmut           #.....       52%         1    ##.....
 Confusing Touch          Hex            #.....       52%         1    ##.....
 Corona                   Hex            #......      52%         1    ##.....
 Summon Small Mammal      Summ           #...         52%         1    ##.....
 Slow                     Hex            #.......     65%         2    ###....
 Inner Flame              Hex/Fire       #.......     87%         3    ####...
 Ozocubu's Armour         Chrm/Ice       #.......     87%         3    ####...
 Portal Projectile        Hex/Tloc       #.....       87%         3    ####...
 Cause Fear               Hex            #.........   99%         4    #####..
 Leda's Liquefaction      Hex/Erth       #.........   99%         4    #####..
 Summon Ice Beast         Ice/Summ       #.......     99%         4    #####..
 Metabolic Englaciation   Hex/Ice        #.........   100%        5    ######.
 Yara's Violent Unravell  Hex/Tmut       #.........   100%        5    ######.


Dungeon Overview and Level Annotations

Branches:
Dungeon (11/15)            Temple (0/1) D:5            Lair (0/6) D:11
    Orc (0/2) D:10

Altars:
Ashenzari
Cheibriados
Dithmenos
Fedhas
Hepliaklqana
Makhleb
Okawaru
Ru
Vehumet
Yredelemnul
The Shining One

Shops:
D:5 *

Annotations:
D:3 1 runed translucent door, chaotix's ghost, amateur GrFi
D:11 1 transporter

Inventory:

Hand Weapons
 e - a +2 flail of protection
   (You took it off Edmund on level 4 of the Dungeon)
 s - a +4 flail
   (You took it off a gnoll on level 5 of the Dungeon)
Missiles
 g - 5 throwing nets {=f, !d!f=f}
 j - 405 stones (quivered)
 E - 7 tomahawks
 I - 7 tomahawks of returning
Armour
 a - a +1 robe
 w - quicksilver dragon scales (worn)
   (Okawaru gifted it to you on level 7 of the Dungeon)
 F - a +0 troll leather armour {regen}
   (You found it on level 9 of the Dungeon)
 G - the +2 robe "Rawo" {+Fly rPois rN+ Slay+2, unknown}
   (Okawaru gifted it to you on level 10 of the Dungeon)

   It affects your accuracy and damage with ranged weapons and melee attacks
   (+2).
   It protects you from poison.
   It protects you from negative energy.
   It lets you fly.
Jewellery
 l - a ring of poison resistance (left claw) {rPois, !d}
   (You found it on level 2 of the Dungeon)
 y - a +5 ring of strength (right claw)
   (You found it on level 6 of the Dungeon)
 C - an uncursed ring of protection from cold {rC+, !d}
   (You found it on level 8 of the Dungeon)
Wands
 m - a wand of acid (9)
   (You found it on level 3 of the Dungeon)
 o - a wand of paralysis (21)
   (You took it off Ijyb on level 3 of the Dungeon)
 u - a wand of enslavement (6)
   (You found it on level 6 of the Dungeon)
Scrolls
 h - 4 scrolls of identify {@r1@r1@r1}
 i - 6 scrolls of remove curse {@r2@r2@r2}
 q - 12 scrolls of teleportation {@r4@r4}
 r - 2 scrolls of amnesia
 t - 3 scrolls of immolation {!r!r}
 v - 2 scrolls of blinking {!r}
 z - a scroll of enchant armour
 A - 4 scrolls of magic mapping {!r}
 H - 2 scrolls of enchant weapon
Potions
 c - 5 potions of agility
 d - 6 potions of mutation {!q!q!q}
 k - a potion of heal wounds {@q2@q2}
 n - 5 potions of curing {@q1@q1@q1}
 p - a potion of haste {@q3@q3}
 x - a potion of resistance
 B - a potion of flight
 D - a potion of might
 J - a potion of brilliance
Comestibles
 b - 18 rations
 f - 2 chunks of flesh {@w0}

Action                   |  1- 3 |  4- 6 |  7- 9 | 10-12 || total
-------------------------+-------+-------+-------+-------++-------
Melee: Unarmed           |    84 |   212 |   226 |   452 ||   974
       Punch             |     1 |     3 |    12 |    27 ||    43
       Headbutt          |       |     5 |    45 |   121 ||   171
Invok: Heroism           |       |     2 |     3 |     2 ||     7
       Finesse           |       |       |       |     3 ||     3
  Use: Scroll            |     5 |     3 |     3 |     5 ||    16
       Potion            |       |     6 |     4 |     6 ||    16
 Stab: Sleeping          |     2 |     1 |     6 |       ||     9
       Invisible         |       |     5 |       |       ||     5
  Eat: Chunk             |    15 |    17 |    27 |    41 ||   100
Armor: Robe              |    32 |    88 |    59 |     4 ||   183
       Quicksilver drago |       |       |       |   111 ||   111
Dodge: Dodged            |    54 |   153 |   106 |   188 ||   501
#.....##...##.. #.........# ...#≈...>...≈# ..#.........# #.....##...##.. #.=....#...#... #. #######..#...≈...#. #.#.........#######.. #..C@........####.... ##.Y.(..(......<#.#.. ...#...####(###......## ....#©..####.# #####.... #...#..#.....####.....#. ≈#.##.##.###....#.#####. ## ..##.###....#...# #. #............#.#.# ## .......##....###.#


Message History

You eviscerate the brown ugly thing!!!
You kill the brown ugly thing!
Okawaru accepts your kill.
Your Evocations skill increases to level 1!
There is a stone staircase leading down here.
b - 18 rations (gained 1)
You are no longer corroded.
t - 3 scrolls of immolation {!r!r} (gained 1)
Found a stone staircase leading up.
Health restored: 109
There is a stone staircase leading up here.
You open the door. 3 jackals come into view.
The jackal barks! x3; You hear a shout!
There are monsters nearby!
You mangle the jackal!!
You kill the jackal!
The jackal bites you but does no damage.
The jackal misses you.
The jackal bites you but does no damage.
There is an open door here.
You scratch the jackal but do no damage.
Your headbutt misses the jackal.
The jackal bites you but does no damage.
The jackal misses you.
You closely miss the jackal. You headbutt the jackal.
The jackal closely misses you.
The jackal bites you but does no damage.
You claw the jackal!
You kill the jackal!
The jackal barely misses you.
You barely miss the jackal.
The jackal bites you but does no damage.
You closely miss the jackal. The jackal closely misses you.
You claw the jackal!
You kill the jackal!
No target in view!
No target in view!
No target in view!
No target in view!
No target in view!
No target in view!
No target in view!
You butcher the jackal corpse.
f - 3 chunks of flesh {@w0} You see here a jackal skeleton. x2
Eating one of 3 chunks of flesh {@w0}.
You eat one of the 3 chunks of flesh {@w0}.
This raw flesh tastes great.
A cyclops comes into view.
The cyclops shouts!
The cyclops throws a large rock.
The large rock hits you!!
You see here a large rock {!d}.
You take 33 damage, and have 76/109 hp.
MASSIVE DAMAGE!!
You are too injured to fight recklessly!
Unknown command.
You are too injured to fight recklessly!
You are too injured to fight recklessly!
The cyclops throws a large rock.
The large rock hits you!!
You see here a large rock {!d}.
You take 20 damage, and have 57/109 hp.
The cyclops throws a large rock.
The large rock closely misses you.
A yak comes into view.
The cyclops throws a large rock.
The large rock hits you!!
* * * LOW HITPOINT WARNING * * *
You see here a large rock {!d}.
You take 35 damage, and have 24/109 hp.
MASSIVE DAMAGE!!
You feel much better.
The yak bellows!
The cyclops throws a large rock.
The large rock hits you!
* * * LOW HITPOINT WARNING * * *
The cyclops hits you!!
You die...

Vanquished Creatures
  The ghost of lukano the Protected, a journeyman GrHu of the Shining One (D:10)
  Harold (D:7)
  An ogre mage (D:10)
  A skeletal warrior (D:9)
  An orc knight (D:10)
  An ugly thing (D:11)
  An oklob plant (D:11)
  Joseph (D:8)
  An efreet (D:9)
  2 trolls
  2 hippogriffs
  7 yaks
  A wyvern (D:11)
  6 humans (D:7)
  A hungry ghost (D:10)
  Menkaure (D:4)
  Edmund (D:4)
  Duvessa (D:5)
  5 orc warriors
  3 sky beasts
  An eye of draining (D:10)
  2 ice beasts
  A black bear (D:10)
  4 ogres
  A phantom (D:9)
  2 centaurs
  A big kobold (D:10)
  6 bullfrogs
  A gnoll sergeant (D:5)
  2 scorpions
  Dowan (D:5)
  7 killer bees
  7 wights (D:6)
  A howler monkey (D:4)
  5 crimson imps
  A bullfrog zombie (D:8)
  2 centaur zombies (D:5)
  2 quasits
  4 hounds
  5 orc priests
  2 jellies (D:8)
  Ijyb (D:3)
  Terence (D:2)
  3 iguanas
  10 orc wizards
  11 worker ants
  2 hound zombies (D:10)
  11 mummies (Ossuary)
  Robin (D:3)
  2 howler monkey skeletons
  10 adders
  10 gnolls
  3 shadow imps
  2 oozes (D:2)
  An adder skeleton (D:5)
  3 worms
  4 dart slugs
  4 leopard geckos
  53 orcs
  8 bats
  9 giant cockroaches
  21 goblins
  16 hobgoblins
  12 jackals
  A quokka (D:2)
  2 ball pythons
  6 frilled lizards
  A giant cockroach zombie (D:5)
  A gnoll skeleton (Ossuary)
  3 goblin skeletons (Ossuary)
  A jackal skeleton (D:4)
  11 kobolds
  2 kobold skeletons (Ossuary)
  2 orc skeletons (Ossuary)
  2 rats (D:2)
  11 rat skeletons (Ossuary)
  12 plants (D:11)
350 creatures vanquished.

Vanquished Creatures (others)
  An orc wizard (D:3)
1 creature vanquished.

Grand Total: 351 creatures vanquished You could see a cyclops and a yak.

Table legend:
 A = Turns spent in this place as a percentage of turns spent in the entire game.
 B = Non-inter-level travel turns spent in this place as a percentage of non-inter-level travel turns spent in the entire game.
 C = Inter-level travel turns spent in this place as a percentage of turns spent in this place.
 D = Turns resting spent in this place as a percentage of non-inter-level travel turns spent in this place.
 E = Turns spent auto-exploring this place as a percentage of non-inter-level travel turns spent in this place.
 F = Non-inter-level travel turns spent in this place divided by the number of levels of this place that you've seen.
                   A       B       C       D       E      F
               +-------+-------+-------+-------+-------+----------------------
         Total | 100.0 | 100.0 |   3.6 |   1.0 |  75.8 | 776.8
       Dungeon |  96.9 |  96.8 |   3.7 |   1.0 |  76.2 | 820.6
       Ossuary |   3.1 |   3.2 |   0.0 |   0.0 |  63.7 | 295.0
               +-------+-------+-------+-------+-------+----------------------

Table legend:
 A = Kills in this place as a percentage of kills in entire the game.
 B = Kills by you in this place as a percentage of kills by you in the entire game.
 C = Kills by friends in this place as a percentage of kills by friends in the entire game.
 D = Other kills in this place as a percentage of other kills in the entire game.
 E = Experience gained in this place as a percentage of experience gained in the entire game.
 F = Experience gained in this place divided by the number of levels of this place that you have seen.
                   A       B       C       D       E      F
               +-------+-------+-------+-------+-------+----------------------
         Total | 100.0 | 100.0 |   N/A | 100.0 | 100.0 | 1522.6
       Dungeon |  91.2 |  91.1 |   N/A | 100.0 |  98.8 | 1641.5
       Ossuary |   8.8 |   8.9 |   N/A |   0.0 |   1.2 | 215.0
               +-------+-------+-------+-------+-------+----------------------

Notes
Turn   | Place    | Note
-------+----------+-------------------------------------------
     0 | D:1      | MetaCosm the Troll Monk began the quest for the Orb.
     0 | D:1      | Reached XP level 1. HP: 22/22 MP: 0/0
   267 | D:1      | Reached XP level 2. HP: 24/29 MP: 1/1
   895 | D:2      | Noticed Terence
   910 | D:2      | Killed Terence
   910 | D:2      | Reached XP level 3. HP: 28/36 MP: 2/2
   979 | D:2      | Found an iron altar of Okawaru.
   985 | D:2      | Reached skill level 4 in Unarmed Combat
  1005 | D:2      | Became a worshipper of Warmaster Okawaru
  1005 | D:2      | Reached * piety under Okawaru
  1005 | D:2      | Reached ** piety under Okawaru
  1039 | D:2      | Reached XP level 4. HP: 41/44 MP: 3/3
  1095 | D:2      | Reached skill level 3 in Fighting
  1329 | D:2      | Reached skill level 3 in Dodging
  1336 | D:2      | Found a burning altar of Makhleb.
  1544 | D:2      | Found a glowing golden altar of the Shining One.
  1893 | D:3      | Reached XP level 5. HP: 53/53 MP: 4/4
  1969 | D:3      | Noticed an ogre
  1976 | D:3      | Killed an ogre
  1976 | D:3      | Reached skill level 5 in Unarmed Combat
  1976 | D:3      | Reached skill level 1 in Invocations
  2042 | D:3      | Noticed Robin
  2043 | D:3      | Found a runed translucent door.
  2043 | D:3      | Noticed chaotix's ghost (amateur GrFi)
  2079 | D:3      | HP: 10/53 [Robin/cursed +0 club (5)]
  2086 | D:3      | Killed Robin
  2086 | D:3      | Reached XP level 6. HP: 38/61 MP: 5/5
  2162 | D:3      | Found a radiant altar of Vehumet.
  2201 | D:3      | Found a shattered altar of Ashenzari.
  2593 | D:3      | Noticed Ijyb
  2601 | D:3      | Paralysed by Ijyb for 2 turns
  2610 | D:3      | Killed Ijyb
  2811 | D:3      | Gained mutation: You are covered in thick fur. (AC +2)
                  | [potion of mutation]
  2811 | D:3      | Gained mutation: You are occasionally teleported next to
                  | monsters. [potion of mutation]
  2811 | D:3      | Gained mutation: You are resistant to hostile enchantments.
                  | (MR+) [potion of mutation]
  2814 | D:3      | Lost mutation: You are resistant to hostile enchantments.
                  | (MR+) [potion of mutation]
  2814 | D:3      | Lost mutation: You are occasionally teleported next to
                  | monsters. [potion of mutation]
  2814 | D:3      | Lost mutation: You are covered in thick fur. (AC +2)
                  | [potion of mutation]
  2814 | D:3      | Gained mutation: You can translocate small distances at
                  | will. [potion of mutation]
  2814 | D:3      | Gained mutation: You have a pair of small horns on your
                  | head. [potion of mutation]
  2814 | D:3      | Gained mutation: Your movements are slightly less
                  | encumbered by armour. (ER -2) [potion of mutation]
  2839 | D:4      | Noticed Edmund
  2848 | D:4      | Killed Edmund
  2848 | D:4      | Reached *** piety under Okawaru
  2848 | D:4      | Reached skill level 2 in Invocations
  2848 | D:4      | Reached XP level 7. HP: 65/68 MP: 7/7
  2933 | D:4      | Found a blossoming altar of Fedhas.
  3035 | D:4      | Reached skill level 6 in Unarmed Combat
  3305 | D:4      | Noticed Menkaure
  3315 | D:4      | Killed Menkaure
  3315 | D:4      | Reached skill level 4 in Fighting
  3394 | D:5      | Entered Level 5 of the Dungeon
  3402 | D:5      | Reached skill level 4 in Dodging
  3463 | D:5      | Found a staircase to the Ecumenical Temple.
  3596 | D:5      | Reached skill level 3 in Invocations
  3596 | D:5      | Reached XP level 8. HP: 63/78 MP: 9/9
  3834 | D:5      | Reached **** piety under Okawaru
  3891 | D:5      | Noticed Duvessa
  3893 | D:5      | Noticed Dowan
  3904 | D:5      | Killed Dowan
  3904 | D:5      | Reached skill level 7 in Unarmed Combat
  3914 | D:5      | Killed Duvessa
  4046 | D:5      | Found Buoprose's Assorted Antiques.
  4053 | D:5      | Bought a scroll labeled JAMIUF BICKE for 34 gold pieces
  4053 | D:5      | Bought a pink potion for 30 gold pieces
  4053 | D:5      | Bought a scroll labeled NAYDAE HEPNA for 34 gold pieces
  4053 | D:5      | Bought a scroll labeled NAYDAE HEPNA for 34 gold pieces
  4527 | D:6      | Reached skill level 8 in Unarmed Combat
  4527 | D:6      | Reached skill level 4 in Invocations
  4532 | D:6      | Reached skill level 5 in Fighting
  4539 | D:6      | Reached skill level 5 in Dodging
  4681 | D:6      | Reached XP level 9. HP: 88/88 MP: 11/11
  4914 | D:6      | Reached ***** piety under Okawaru
  5514 | D:7      | Reached skill level 9 in Unarmed Combat
  5530 | D:7      | Reached skill level 5 in Invocations
  5813 | D:7      | Noticed Harold
  5833 | D:7      | Killed Harold
  5833 | D:7      | Received a gift from Okawaru
  5833 | D:7      | Reached skill level 6 in Fighting
  5833 | D:7      | Reached skill level 6 in Dodging
  5833 | D:7      | Reached XP level 10. HP: 91/98 MP: 9/13
  6222 | D:7      | Reached skill level 10 in Unarmed Combat
  6285 | D:8      | Found a sand-covered staircase.
  6319 | Ossuary  | Entered an ossuary
  6699 | D:8      | Found a basalt altar of Yredelemnul.
  6747 | D:8      | Found a shadowy altar of Dithmenos.
  6759 | D:8      | Noticed Joseph
  6806 | D:8      | Killed Joseph
  7598 | D:9      | Reached skill level 6 in Invocations
  7702 | D:9      | Noticed a skeletal warrior
  7714 | D:9      | Killed a skeletal warrior
  7851 | D:9      | Found a hazy altar of Hepliaklqana.
  7860 | D:9      | Found a snail-covered altar of Cheibriados.
  7861 | D:9      | Found a sacrificial altar of Ru.
  7935 | D:9      | Reached skill level 11 in Unarmed Combat
  8323 | D:10     | Entered Level 10 of the Dungeon
  8369 | D:10     | Found a runed translucent door.
  8369 | D:10     | Noticed lukano's ghost (journeyman GrHu)
  8369 | D:10     | Noticed an ogre mage
  8437 | D:10     | Found a staircase to the Orcish Mines.
  8455 | D:10     | Reached XP level 11. HP: 103/107 MP: 14/14
  8531 | D:10     | Reached skill level 7 in Fighting
  8556 | D:10     | Reached skill level 7 in Dodging
  8668 | D:10     | Killed lukano's ghost
  8668 | D:10     | Received a gift from Okawaru
  8668 | D:10     | Reached skill level 7 in Invocations
  8673 | D:10     | Killed an ogre mage
  8704 | D:10     | Got a shimmering robe {god gift}
  8740 | D:10     | Identified the Papyrus of the Shifting Glacier
  9181 | D:10     | Noticed an orc knight
  9194 | D:10     | Killed an orc knight
  9309 | D:11     | Reached skill level 12 in Unarmed Combat
  9355 | D:11     | Noticed an oklob plant
  9360 | D:11     | Found a staircase to the Lair.
  9413 | D:11     | Killed an oklob plant
  9413 | D:11     | Reached skill level 1 in Throwing
  9518 | D:11     | Noticed a brown ugly thing
  9531 | D:11     | Killed a brown ugly thing
  9531 | D:11     | Reached skill level 1 in Evocations
  9657 | D:11     | Found a transporter.
  9665 | D:11     | HP: 24/109 [cyclops/large rock (35)]
  9667 | D:11     | Slain by a cyclops

Levels and vault maps discovered:
D:1:      lemuel_arrival_lava_pool, layout_basic
D:2:      minmay_wonky_spiral, layout_basic, okawaru_altar_gauntlet_db,
          bloody_makhleb, nicolae_tso_carved_into_rock, cheibrodos_gnoll_hut,
          uniq_terence
D:3:      layout_basic, overflow_temple_1_default, overflow_temple_1_default,
          hellmonk_ghost_happy_afterlife, uniq_ijyb, uniq_robin
D:4:      layout_cave_pools, fedhas_altar_3, uniq_menkaure, uniq_edmund
D:5:      layout_gridville, temple_fountains, serial_shops, shop, first_ration,
          uniq_duvessa
D:6:      layout_basic, minmay_fractal_squares_gapless_5
D:7:      layout_basic, minmay_ruffians, uniq_harold
D:8:      layout_layer_cave, enter_ossuary_5, basic_altar,
          nicolae_dithmenos_shadow_blocks, uniq_joseph
D:9:      layout_cave_pools, minitemple, minmay_fractal_squares_gapless_7
D:10:     cheibrodos_orc_bank, layout_rooms, david_orc_2,
          ebering_ghost_inner_flame
D:11:     layout_basic, dpeg_oklobed_lair, gammafunk_ghost_wrathful_warriors
Ossuary:  ossuary_due_small_catacomb
